AoeStats
← Rado

Arena

510297192Analyzed
2v2 RM · 1d ago on Sep 30, 2026· 43m 8s· 4 players
Game mode
Random Map
Map size
Medium (4 player)
Population
200
Speed
Normal
Resources
Standard
Victory
Conquest
Starting age
Dark Age
Ending age
Imperial Age
RankedLock teamsTeams togetherTeam positionsShared explorationLock speedFull tech treeHidden civsTurbo modeCheats
Victory
Defeat
🇨🇳 Mongols · China
1197
+7
🇨🇳 Italians · China
1108
+10
🇸🇰 Cumans · Slovakia
1041
-10
🇨🇱 Spanish · Chile
930
-7
Rado
6:03 Loom
9:02 Feudal Age
10:02 Double-Bit Axe
20:11 Wheelbarrow
19:22 Town Watch
23:09 Castle Age
21:30 Horse Collar
23:13 Scale Barding Armor
23:19 Forging
23:53 Bloodlines
26:57 Iron Casting
26:57 Chain Barding Armor
26:57 Bow Saw
34:36 Hand Cart
34:23 Town Patrol
34:48 Hand Cart
34:34 Town Patrol
41:15 Imperial Age
41:20 Heavy Plow
42:37 Plate Barding Armor
43:03 Blast Furnace
41:32 Cavalier
camus
9:22 Feudal Age
12:01 Loom
14:40 Castle Age
13:04 Double-Bit Axe
13:48 Horse Collar
24:15 Wheelbarrow
29:41 Imperial Age
31:27 Chemistry
30:36 Gold Mining
31:18 Hand Cart
30:51 Town Watch
31:18 Stone Mining
31:30 Heavy Plow
31:43 Bow Saw
31:50 Scale Barding Armor
32:32 Ballistics
34:43 Conscription
285066173
4:15 Loom
10:37 Feudal Age
14:37 Castle Age
13:20 Double-Bit Axe
13:18 Horse Collar
15:16 Stone Mining
21:27 Loom
28:02 Imperial Age
29:34 Fletching
29:45 Padded Archer Armor
32:48 Bodkin Arrow
35:50 Bracer
36:05 Leather Archer Armor
37:21 Scale Mail Armor
37:31 Forging
38:12 Wheelbarrow
38:19 Bow Saw
39:13 Forging
39:18 Chain Mail Armor
40:17 Conscription
41:32 Iron Casting
42:25 Stone Shaft Mining
41:40 Gold Mining
43:04 Squires
43:40 Ring Archer Armor
44:10 Blast Furnace
43:41 Plate Mail Armor
苹果砸死牛顿
9:18 Feudal Age
12:35 Loom
16:23 Castle Age
14:53 Double-Bit Axe
15:16 Horse Collar
17:57 Bow Saw
17:51 Heavy Plow
22:08 Wheelbarrow
23:03 Stone Mining
24:32 Hand Cart
26:14 Town Watch
27:49 Gold Mining
28:37 Stone Shaft Mining
31:38 Imperial Age
29:25 Husbandry
29:36 Bloodlines
30:40 Fletching
31:58 Bodkin Arrow
33:00 Bracer
36:09 Ballistics
37:59 Conscription
38:48 Chemistry
37:53 Siege Engineers
38:37 Parthian Tactics
38:18 Thumb Ring
39:23 Elite Mangudai
42:16 Padded Archer Armor
42:31 Masonry
42:58 Gold Shaft Mining
41:51 Light Cavalry
43:27 Drill
Connection lost

Rejoining the realm…

Still unreachable

The connection could not be restored.

Session expired

The server has moved on; the page needs a fresh start.